 Dungeon Crawl Stone Soup version 0.29.1-13-g9f3cf754e1 (webtiles) character file.

Game seed: 3958460363021053

490 bnorton916 the Magician (level 6, -5/32 HPs)
             Began as a Deep Elf Fire Elementalist on Feb 9, 2023.
             Killed from afar by an orc wizard (10 damage)
             ... with a magic dart
             ... on level 3 of the Dungeon.
             The game lasted 00:06:35 (4503 turns).

bnorton916 the Magician (DEFE)                      Turns: 4503, Time: 00:06:36

Health: -5/32      AC:  3    Str:  5    XL:     6   Next: 90%
Magic:  10/17      EV: 13    Int: 22    God:
Gold:   192        SH:  0    Dex: 21    Spells: 11/17 levels left

rFire   . . .      SeeInvis .   A - +3 short sword
rCold   . . .      Faith    .   (no shield)
rNeg    . . .      Spirit   .   a - +1 robe
rPois   .          Reflect  .   (no helmet)
rElec   .          Harm     .   (no cloak)
rCorr   .          Rampage  .   (no gloves)
Will    .....                   (no boots)
Stlth   ++........              n - amulet of regeneration
HPRegen 0.90/turn               h - +6 ring of dexterity
MPRegen 0.15/turn               (no ring)

@: no status effects
A: no striking features
a: no special abilities


You were on level 3 of the Dungeon.
You visited 1 branch of the dungeon, and saw 4 of its levels.
You also visited: Sewer.

You collected 192 gold pieces.

Inventory:

Hand Weapons
 y - a +0 short sword of venom
 A - a +3 short sword (weapon)
Missiles
 r - 5 poisoned darts
 v - a curare-tipped dart
 D - 6 silver boomerangs
Armour
 a - a +1 robe (worn)
Jewellery
 h - a +6 ring of dexterity (left hand)
 i - an amulet of reflection
 k - a ring of see invisible
 n - an amulet of regeneration (around neck)
Scrolls
 c - a scroll of enchant weapon
 g - a scroll of teleportation
 j - 2 scrolls of noise
 l - a scroll of vulnerability {unknown}
 o - a scroll of fear
 s - 3 scrolls of amnesia
 B - a scroll of blinking
Potions
 b - 5 potions of magic
 d - 2 potions of brilliance {unknown}
 e - a potion of curing
 f - a potion of ambrosia {unknown}
 m - 3 potions of haste {unknown}
 p - 2 potions of invisibility {unknown}
 q - a potion of degeneration {unknown}
 t - 2 potions of cancellation
 x - 2 potions of might {unknown}
 z - a potion of mutation {unknown}
 C - 2 potions of attraction {unknown}


   Skills:
 - Level 2.4 Dodging
 - Level 2.4 Stealth
 + Level 6.1 Spellcasting
 + Level 4.6 Conjurations
 + Level 5.6 Fire Magic


You had 11 spell levels left.
You knew the following spells:

 Your Spells              Type           Power      Damage    Failure   Level
a - Foxfire               Conj/Fire      100%       2x1d9     1%          1
b - Scorch                Fire           62%        2d8       1%          2
c - Conjure Flame         Conj/Fire      29%        6-21      3%          3

Your spell library contained the following spells:

 Spells                   Type           Power      Damage    Failure   Level
 Apportation              Tloc           12%        N/A       9%          1
 Necrotise                Necr           24%        1d5       9%          1
 Summon Small Mammal      Summ           24%        N/A       9%          1
 Inner Flame              Hex/Fire       19%        N/A       9%          3
 Flame Wave               Conj/Fire      29%        2d9       11%         4


Dungeon Overview and Level Annotations

Branches:
Dungeon (4/15)              Sewer (visited)
 Temple: D:4-7

Altars:
Dithmenos

Annotations:
D:1 2 transporters


Message History

The orc closely misses you. Something hits you but does no damage.
Casting: Scorch (safe; 1% risk of failure)
Confirm with . or Enter, or press ? or * to list all spells.
Flames lash something.
Something hits you but does no damage. The orc barely misses you.
Something hits you.
You hear some strange, mumbled words.
A magic dart appears from out of thin air!
The magic dart hits you.
* * * LOW HITPOINT WARNING * * *
The orc closely misses you. Something hits you.
* * * LOW HITPOINT WARNING * * *
Unknown command.
You feel better. Something hits you. The orc closely misses you.
Something hits you.
You hear some strange, mumbled words.
A puff of flame appears from out of thin air!
The puff of flame hits something!
Reactivating autopickup.
You feel a bit more experienced.
Casting: Scorch (safe; 1% risk of failure)
Confirm with . or Enter, or press ? or * to list all spells.
Flames lash something.
Something hits you.
Deactivating autopickup; reactivate with Ctrl-A.
The orc hits you with a +0 flail.
A magic dart appears from out of thin air!
The magic dart hits you!
* * * LOW HITPOINT WARNING * * *
Something hits you.
* * * LOW HITPOINT WARNING * * *
The orc barely misses you.
Casting: Scorch (safe; 1% risk of failure)
Confirm with . or Enter, or press ? or * to list all spells.
Flames lash the orc.
You kill the orc!
Something hits you.
* * * LOW HITPOINT WARNING * * *
You hear some strange, mumbled words.
A magic dart appears from out of thin air!
The magic dart hits you!
You die...

#..._...####.# #####
.........##..# #....
.............# ########## #.##.
##.....##..#####........# #.##.
##..#..###.......######.#####.##.
#(.###..##.#####.# ###...####.
...###.....# #.##### #.8.8)#...
.#..#....### #){...# #_....'.#.
##.....#'## #@###.# #.8.8.#...
#####....## #{# #.####...####)
##.....## #.###.##.#####.##. #
##.......## #........# #....
####.........####...<##########..
...+.........'...................
####.........####....#########...
# ##.......## ##.#.##### #.#.
##.....## #......†.# #.##


There were no monsters in sight!

Vanquished Creatures
  An ogre (D:4)
  2 kobold brigands (Sewer)
  A necrophage (D:3)
  A hound (D:4)
  An orc priest (D:3)
  An orc wizard (D:4)
  3 adders
  3 worms
  A dart slug (D:3)
  3 orcs (D:3)
  9 ball pythons
  5 endoplasms
  A giant cockroach (D:4)
  2 goblins
  4 hobgoblins
  2 jackals (D:1)
  6 quokkas
  3 bats (D:2)
  3 frilled lizards
  15 kobolds
  8 rats
75 creatures vanquished.

Vanquished Creatures (collateral kills)
  3 foxfires (Sewer)
3 creatures vanquished.

Vanquished Creatures (others)
  An orc wizard (D:3)
  234 foxfires
  4 plants (Sewer)
239 creatures vanquished.

Grand Total: 317 creatures vanquished

Notes
Turn   | Place    | Note
-------+----------+-------------------------------------------
     0 | D:1      | bnorton916 the Deep Elf Fire Elementalist began the quest
                  | for the Orb.
     0 | D:1      | Reached XP level 1. HP: 10/10 MP: 6/6
    35 | D:1      | Found a faded altar of an unknown god.
   198 | D:1      | Reached XP level 2. HP: 15/15 MP: 5/8
  1414 | D:2      | Reached XP level 3. HP: 19/19 MP: 7/10
  2206 | D:3      | Found a shadowy altar of Dithmenos.
  2270 | D:3      | Learned a level 2 spell: Scorch
  2270 | D:3      | Noticed a necrophage
  2278 | D:3      | Killed a necrophage
  2279 | D:3      | Reached skill level 4 in Spellcasting
  2279 | D:3      | Reached XP level 4. HP: 12/24 MP: 4/12
  2590 | D:3      | Found a glowing drain.
  2594 | Sewer    | Entered a sewer
  2962 | Sewer    | Noticed a kobold brigand
  2984 | Sewer    | Killed a kobold brigand
  2985 | Sewer    | Reached skill level 5 in Spellcasting
  2985 | Sewer    | Reached XP level 5. HP: 28/28 MP: 8/14
  3102 | Sewer    | Reached skill level 5 in Fire Magic
  3448 | Sewer    | Reached XP level 6. HP: 32/32 MP: 11/16
  4320 | D:4      | Learned a level 3 spell: Conjure Flame
  4400 | D:4      | Reached skill level 6 in Spellcasting
  4503 | D:3      | Killed from afar by an orc wizard

Illustrated notes

Levels and vault maps discovered:
D:1:      spicycebolla_arrival_transporter_tutorial, layout_loops_ring,
          nicolae_ecumenical_snake_handling
D:2:      layout_basic, hangedman_abyss_or_decor_stabs, patterned_corridor
D:3:      layout_loops_corners, nicolae_dithmenos_shadow_blocks, serial_forest,
          infiniplex_forest_end_1, infiniplex_forest_clump_double,
          infiniplex_forest_clump_diagonal, infiniplex_forest_lined_room_2,
          gup_sewer_entry_bowl, wad_floor_pattern_2, kennysheep_orc_chapel
D:4:      gammafunk_cloud_chamber, layout_rooms, kennysheep_slug_shrine,
          enter_ossuary_5, nrook_uturn

Skill      XL: |  1  2  3  4  5  6 |
---------------+-------------------+-----
Conjurations   | 2 3 4 |  4.6
Spellcasting   | 4 5 6 |  6.1
Fire Magic     | 4 5 |  5.6
Dodging        | |  2.4
Stealth        | |  2.4

Action                   |  1- 3 |  4- 6 || total
-------------------------+-------+-------++-------
Melee: Unarmed           |       |     2 ||     2
       Short sword       |       |     1 ||     1
 Cast: Foxfire           |    94 |    47 ||   141
       Scorch            |     2 |    21 ||    23
  Use: Scroll            |     5 |     5 ||    10
       Potion            |       |     2 ||     2
Armor: Robe              |     2 |    14 ||    16
Dodge: Dodged            |     5 |    38 ||    43
Block: Other             |     1 |       ||     1
